 Dungeon Crawl Stone Soup version 0.17-a0-1479-g4041c36 (webtiles) character file.

135 hexophile the Magician (level 5, 0/42 HPs)
             Began as a Naga Wizard on July 3, 2015.
             Killed from afar by hexophile's ghost (4 damage)
             ... with a magic dart
             ... on level 3 of the Dungeon.
             The game lasted 00:06:56 (3167 turns).

hexophile the Magician (Naga Wizard)                Turns: 3167, Time: 00:06:57

Health: 0/42       AC:  5    Str: 10    XL:     5   Next: 18%
Magic:  6/10       EV: 10    Int: 19    God:
Gold:   117        SH:  0    Dex:  9    Spells: 4 memorised, 2 levels left

rFire  + . .     SeeInvis +     f - +1 dagger (drain)
rCold  . . .     Clarity  .     u - +0 robe {rF+}
rNeg   . . .     SustAt   .     (no shield)
rPois  +         Gourm    .     b - +0 hat
rElec  .         Spirit   .     y - +0 cloak (curse)
rCorr  .         Warding  .     x - +1 pair of gloves
rMut   .         Rnd*Tele +     (no barding)
MR     .....                    (no amulet)
Stlth  +++.......               q - ring of teleportation
                                l - ring of stealth

@: short of breath, very slow, not resistant to hostile enchantments, fairly
stealthy
A: see invisible, deformed body, poison resistance, slowness 2, slow metabolism
1, spit poison 2, AC +1
a: Spit Poison, Evoke Teleportation


You were on level 3 of the Dungeon.
You were hungry.

You visited 1 branch of the dungeon, and saw 3 of its levels.

You collected 117 gold pieces.

Inventory:

Hand weapons
 f - a +1 dagger of draining (weapon)
Missiles
 j - 111 stones (quivered)
Armour
 b - a +0 hat (worn)
 u - a +0 robe of fire resistance (worn)
 x - a +1 pair of gloves (worn)
 y - a cursed +0 cloak (worn)
Jewellery
 l - a ring of stealth (left hand)
 q - a ring of teleportation (right hand)
Magical devices
 k - a wand of flame (27)
Scrolls
 n - a scroll of teleportation {unknown}
 p - a scroll of amnesia {unknown}
 v - a scroll of recharging
 A - a scroll of blinking {unknown}
Potions
 a - a potion of might {unknown}
 e - a potion of lignification {unknown}
 m - a potion of curing {unknown}
 o - a potion of cure mutation {unknown}
 r - a potion of invisibility {unknown}
 s - a potion of poison {unknown}
 t - a potion of degeneration {unknown}
 z - a potion of brilliance {unknown}
Books
 c - a book of Minor Magic

   Spells                             Type                      Level
   a - Magic Dart                     Conjuration                  1
   b - Blink                          Translocation                2
   c - Call Imp                       Summoning                    2
   d - Repel Missiles                 Charms/Air                   2
   e - Slow                           Hexes                        2
   f - Conjure Flame                  Conjuration/Fire             3
   g - Mephitic Cloud                 Conjuration/Poison/Air       3
Comestibles
 d - 3 bread rations
 g - 2 slices of pizza
 h - a meat ration
 i - a beef jerky
 w - 2 fruits


   Skills:
 + Level 2.3 Dodging
 - Level 3.0 Stealth
 * Level 3.8 Spellcasting
 * Level 3.3 Conjurations
   Level 1.0 Summonings
 - Level 1.0 Translocations
 + Level 0.2 Fire Magic
 + Level 0.2 Air Magic


You had 2 spell levels left.
You knew the following spells:

 Your Spells              Type           Power        Failure   Level  Hunger
a - Magic Dart            Conj           ###.         4%          1    None
b - Blink                 Tloc           N/A          17%         2    ##.....
c - Conjure Flame         Conj/Fire      ##......     21%         3    ###....
d - Mephitic Cloud        Conj/Pois/Air  #.......     28%         3    ###....


Dungeon Overview and Level Annotations

Branches:
Dungeon (3/15)

Altars:

Annotations:
D:3 hexophile's ghost, average NaWz


Innate Abilities, Weirdness & Mutations

You cannot wear boots.
Your serpentine skin is tough (AC +1).
You have supernaturally acute eyesight.
Armour fits poorly on your strangely shaped body.
Your system is resistant to poisons.
You cover ground very slowly.
You have a slow metabolism.
You can spit poison.


Message History

You kill the hobgoblin!
You hit hexophile's ghost.
Hexophile's ghost is severely damaged.
Hexophile's ghost hits you but does no damage.
You are feeling hungry.
You hit hexophile's ghost but do no damage.
Hexophile's ghost is severely damaged.
Hexophile's ghost points at you and mumbles some strange words.
The magic dart hits you!
* * * LOW HITPOINT WARNING * * *
Use which ability? (? or * to list)
Press: ? - help, Shift-Dir - straight line, f - hexophile's ghost
Aim: hexophile's ghost (severely damaged)
The splash of poison hits hexophile's ghost.
Hexophile's ghost completely resists.
Hexophile's ghost is severely damaged.
You feel slightly more hungry.
Hexophile's ghost points at you and mumbles some strange words.
The magic dart hits you!
You die...

.....#####......# #.>..........
#.......#..#.......#.......#....
#. #............#............
#.##W##...##.................
#..#.##...##.#..#.#<..#.###..
#....##.....................)
#....W..#.##....##..........)
#.......###..###...#...........
#.......# ##.W@#...............
#.......# ###.................
##......# ###...............
##...### ##................
##..# #................. ####
#.......>..........
.....................
###)...............##
##....##.......).#


You could see hexophile's ghost.

Vanquished Creatures
  Jessica (D:2)
  5 adders (D:2)
  3 worms
  A giant gecko (D:1)
  7 bats
  A giant cockroach (D:1)
  8 goblins
  8 hobgoblins
  2 jackals (D:2)
  3 giant newts (D:1)
  8 kobolds
  6 rats
53 creatures vanquished.

Notes
Turn   | Place    | Note
--------------------------------------------------------------
     0 | D:1      | hexophile the Naga Wizard began the quest for the Orb.
     0 | D:1      | Reached XP level 1. HP: 15/15 MP: 4/4
   101 | D:1      | Reached XP level 2. HP: 17/22 MP: 1/6
   985 | D:1      | Reached XP level 3. HP: 28/28 MP: 4/7
  1602 | D:2      | Learned a level 2 spell: Blink
  1606 | D:2      | Learned a level 3 spell: Conjure Flame
  2046 | D:2      | Reached XP level 4. HP: 24/36 MP: 0/9
  2145 | D:2      | Learned a level 3 spell: Mephitic Cloud
  2355 | D:2      | Noticed Jessica
  2359 | D:2      | Killed Jessica
  2729 | D:2      | Reached XP level 5. HP: 42/42 MP: 5/10
  3089 | D:3      | Noticed hexophile's ghost (average NaWz)
  3167 | D:3      | Killed from afar by hexophile's ghost

Vault maps used:
D:1:      evilmike_arrival_fibonacci_small
D:2:      first_bread, uniq_jessica
D:3:      ecumenical_altar_1

Action                   |  1- 3 |  4- 6 || total
-------------------------+-------+-------++-------
Melee: Unarmed           |    23 |       ||    23
       Dagger            |    14 |    18 ||    32
 Cast: Magic Dart        |    85 |    43 ||   128
       Conjure Flame     |       |     2 ||     2
 Abil: Spit Poison       |     9 |     3 ||    12
  Use: Scroll            |     3 |       ||     3
  Eat: Chunk             |     2 |     3 ||     5
